BSA
BOSTON REBELS @ BEECH MOUNTAIN MOUNTAINEERS
03/25/2028
 
TOP OF THE 1ST
Boston Rebels batting - Pitching for Beech Mountain Mountaineers : RHP Yong-hoon Park
Pitching: RHP Yong-hoon Park
Batting: RHB Roberto Chávez 0-0: Called Strike
0-1: Ball
1-1: Ball
2-1: Ball
3-1: Called Strike
3-2: Fly out, F8 (Flyball, 8LD)
Batting: LHB Bill Wilson 0-0: Ball
1-0: Fly out, F8 (Line Drive, 8RD)
Batting: LHB Lorenzo Flores 0-0: Called Strike
0-1: Foul Ball, location: 2F
0-2: Ball
1-2: Strikes out swinging
Top of the 1st over - 0 run(s), 0 hit(s), 0 error(s), 0 left on base; Boston 0 - Beech Mountain 0
BOTTOM OF THE 1ST
Beech Mountain Mountaineers batting - Pitching for Boston Rebels : RHP Darrell Stanley
Pitching: RHP Darrell Stanley
Batting: SHB José Estreito 0-0: Ball
1-0: Called Strike
1-1: Ball
2-1: Called Strike
2-2: SINGLE (Flyball, 78S)
Batting: SHB Miguel González 0-0: Called Strike
0-1: Ball
1-1: Foul Ball, location: 2F
1-2: Ball
2-2: SINGLE (Groundball, 34D)
José Estreito to second
José Estreito to third
Batting: LHB Chris Bates 0-0: Swinging Strike
0-1: Ball
1-1: Fly out, F8 (Line Drive, 78M)
Runner from 3rd tags up, SCORES, no throw
Batting: SHB Juan Castro 0-0: SINGLE (Groundball, 4D)
Miguel González to second
Runner from 2nd tries for 3rd, SAFE, throw made to third
Juan Castro to second
Batting: RHB António Zúńiga 0-0: Ball
1-0: Foul Ball, location: 2F
1-1: Foul Ball, location: 2F
1-2: Ground out 5-3 (Groundball, 56S)
Miguel González scores
Juan Castro to third
Batting: SHB Rick Turner 0-0: Swinging Strike
0-1: Called Strike
0-2: Strikes out swinging
Bottom of the 1st over - 2 run(s), 3 hit(s), 0 error(s), 1 left on base; Boston 0 - Beech Mountain 2
TOP OF THE 2ND
Boston Rebels batting - Pitching for Beech Mountain Mountaineers : RHP Yong-hoon Park
Batting: LHB Miguel Rivería 0-0: Foul Ball, location: 2F
0-1: Ball
1-1: Fly out, F7 (Flyball, 78S)
Batting: LHB Felipe Guerrero 0-0: Ball
1-0: Ball
2-0: Ball
3-0: Foul Ball, location: 2F
3-1: Swinging Strike
3-2: Strikes out swinging
Batting: LHB Frank Jackson 0-0: Foul Ball, location: 2F
0-1: Called Strike
0-2: Ball
1-2: Strikes out swinging
Top of the 2nd over - 0 run(s), 0 hit(s), 0 error(s), 0 left on base; Boston 0 - Beech Mountain 2
BOTTOM OF THE 2ND
Beech Mountain Mountaineers batting - Pitching for Boston Rebels : RHP Darrell Stanley
Batting: RHB Jesús Cruz 0-0: Foul Ball, location: 2F
0-1: Swinging Strike
0-2: Ground out 6-3 (Groundball, 6)
Batting: RHB John Anderson 0-0: Ball
1-0: Fly out, F7 (Flyball, 7LMF)
Batting: SHB Félix Montoya 0-0: Fly out, F7 (Flyball, 7S)
Bottom of the 2nd over - 0 run(s), 0 hit(s), 0 error(s), 0 left on base; Boston 0 - Beech Mountain 2
TOP OF THE 3RD
Boston Rebels batting - Pitching for Beech Mountain Mountaineers : RHP Yong-hoon Park
Batting: RHB Alberto Ramos 0-0: Ball
1-0: Ball
2-0: Foul Ball, location: 2F
2-1: Ground out 5-3 (Groundball, 56)
Batting: RHB Aaron Washington 0-0: Ball
1-0: Ball
2-0: Called Strike
2-1: Ground out 5-3 (Groundball, 56S)
Batting: LHB Sixto Cortés 0-0: Ball
1-0: Foul Ball, location: 2F
1-1: Fly out, F4 (Popup, 4MS)
Top of the 3rd over - 0 run(s), 0 hit(s), 0 error(s), 0 left on base; Boston 0 - Beech Mountain 2
BOTTOM OF THE 3RD
Beech Mountain Mountaineers batting - Pitching for Boston Rebels : RHP Darrell Stanley
Batting: SHB José Estreito 0-0: Ball
1-0: Called Strike
1-1: Ball
2-1: Called Strike
2-2: Fly out, F7 (Flyball, 7)
Batting: SHB Miguel González 0-0: Ball
1-0: Foul Ball, location: 2F
1-1: Ball
2-1: Ball
3-1: Foul Ball, location: 2F
3-2: Base on Balls
Batting: LHB Chris Bates 0-0: Foul Ball, location: 2F
0-1: Ball
1-1: Foul Ball, location: 2F
1-2: Grounds into double play, 1-4-3 (Groundball, 15)
Bottom of the 3rd over - 0 run(s), 0 hit(s), 0 error(s), 0 left on base; Boston 0 - Beech Mountain 2
TOP OF THE 4TH
Boston Rebels batting - Pitching for Beech Mountain Mountaineers : RHP Yong-hoon Park
Batting: RHB Roberto Chávez 0-0: Ground out 6-3 (Groundball, 6)
Batting: LHB Bill Wilson 0-0: Ball
1-0: Single, Error in OF, E9, batter to second base
Batting: LHB Lorenzo Flores 0-0: Ball
1-0: Called Strike
1-1: Fly out, F9 (Flyball, 89S)
Batting: LHB Miguel Rivería 0-0: Ball
1-0: Ball
2-0: Called Strike
2-1: Called Strike
2-2: Ground out 3-1 (Groundball, 34)
Top of the 4th over - 0 run(s), 1 hit(s), 1 error(s), 1 left on base; Boston 0 - Beech Mountain 2
BOTTOM OF THE 4TH
Beech Mountain Mountaineers batting - Pitching for Boston Rebels : RHP Darrell Stanley
Batting: SHB Juan Castro 0-0: Foul Ball, location: 2F
0-1: Ball
1-1: Foul Ball, location: 2F
1-2: Ball
2-2: SINGLE (Groundball, 5S) (infield hit)
Batting: RHB António Zúńiga 0-0: Fly out, F6 (Popup, 6)
Batting: SHB Rick Turner 0-0: Foul Ball, location: 2F
0-1: Ball
1-1: Ball
2-1: Fly out, F8 (Flyball, 8LD)
Batting: RHB Jesús Cruz 0-0: Fly out, F9 (Line Drive, 89M)
Bottom of the 4th over - 0 run(s), 1 hit(s), 0 error(s), 1 left on base; Boston 0 - Beech Mountain 2
TOP OF THE 5TH
Boston Rebels batting - Pitching for Beech Mountain Mountaineers : RHP Yong-hoon Park
Pitching: RHP Tony Murillo
Batting: LHB Felipe Guerrero 0-0: Ball
1-0: Ball
2-0: Ball
3-0: Called Strike
3-1: Base on Balls
Batting: LHB Frank Jackson 0-0: Called Strike
Felipe Guerrero steals 2nd base
0-1: Called Strike
0-2: Ball
1-2: Ball
2-2: Foul Ball, location: 2F
2-2: Foul Ball, location: 2F
2-2: Strikes out looking
Batting: RHB Alberto Ramos 0-0: Called Strike
0-1: Ball
1-1: Foul Ball, location: 2F
1-2: Strikes out looking
Batting: RHB Aaron Washington 0-0: Swinging Strike
0-1: Swinging Strike
0-2: Foul Ball, location: 2F
0-2: Ball
1-2: Foul Ball, location: 2F
1-2: Ball
2-2: Ball
3-2: DOUBLE (Line Drive, 89D)
Felipe Guerrero scores
Batting: LHB Sixto Cortés 0-0: Called Strike
0-1: Foul Ball, location: 2F
0-2: Strikes out looking
Top of the 5th over - 1 run(s), 1 hit(s), 0 error(s), 1 left on base; Boston 1 - Beech Mountain 2
BOTTOM OF THE 5TH
Beech Mountain Mountaineers batting - Pitching for Boston Rebels : RHP Darrell Stanley
Pitching: RHP Alfredo Ruíz
Batting: RHB John Anderson 0-0: SINGLE (Line Drive, 8LS)
Batting: SHB Félix Montoya 0-0: SINGLE (Groundball, 4MD)
John Anderson to second
Batting: SHB José Estreito 0-0: Called Strike
0-1: Ball
1-1: Ball
2-1: Ball
3-1: SINGLE (Flyball, 89S)
John Anderson to third
Félix Montoya to second
Batting: SHB Miguel González 0-0: Foul Ball, location: 2F
0-1: Foul Ball, location: 2F
0-2: SINGLE (Line Drive, 4MD)
John Anderson scores
Félix Montoya to third
José Estreito to second
Runner from 3rd tries for Home, SAFE, no throw
Batting: LHB Chris Bates 0-0: Foul Ball, location: 2F
0-1: Ball
1-1: Ball
2-1: SINGLE (Groundball, 56D)
José Estreito to third
Miguel González to second
Runner from 3rd tries for Home, SAFE, no throw
Pitching: LHP Yoshihiro Hasegawa
Batting: SHB Juan Castro 0-0: Ball
1-0: Called Strike
1-1: Swinging Strike
1-2: Foul Ball, location: 2F
1-2: Ball
2-2: Ball
3-2: Strikes out looking
Batting: RHB António Zúńiga 0-0: Foul Ball, location: 2F
0-1: SINGLE (Groundball, 6MD)
Miguel González to third
Chris Bates to second
Runner from 3rd tries for Home, SAFE, throw made home
Chris Bates to third
António Zúńiga to second
Batting: SHB Rick Turner 0-0: Ball
1-0: Ball
2-0: Foul Ball, location: 2F
2-1: Ground out 4-3 (Groundball, 4)
Chris Bates scores
António Zúńiga to third
Batting: RHB Jesús Cruz 0-0: Called Strike
0-1: Ground out 5-3 (Groundball, 56)
Bottom of the 5th over - 5 run(s), 6 hit(s), 0 error(s), 1 left on base; Boston 1 - Beech Mountain 7
TOP OF THE 6TH
Boston Rebels batting - Pitching for Beech Mountain Mountaineers : RHP Tony Murillo
Batting: RHB Roberto Chávez 0-0: Ball
1-0: Swinging Strike
1-1: Ball
2-1: SOLO HOME RUN (Flyball, 7D), Distance : 380 ft
Pitching: RHP Larry Johnston
Batting: LHB Bill Wilson 0-0: Ball
1-0: Foul Ball, location: 2F
1-1: Foul Ball, location: 2F
1-2: Foul Ball, location: 2F
1-2: Foul Ball, location: 2F
1-2: Foul Ball, location: 2F
1-2: Ground out 4-3 (Groundball, 4)
Batting: LHB Lorenzo Flores 0-0: Ground out 1-3 (Groundball, 13)
Batting: LHB Miguel Rivería 0-0: Ball
1-0: Ground out 5-3 (Groundball, 56)
Top of the 6th over - 1 run(s), 1 hit(s), 0 error(s), 0 left on base; Boston 2 - Beech Mountain 7
BOTTOM OF THE 6TH
Beech Mountain Mountaineers batting - Pitching for Boston Rebels : LHP Yoshihiro Hasegawa
Batting: RHB John Anderson 0-0: Called Strike
0-1: Ground out 4-3 (Groundball, 4)
Batting: SHB Félix Montoya 0-0: Called Strike
0-1: Fly out, F8 (Flyball, 8LD)
Pinch Hitting: LHB Lorenzo Quintanilla 0-0: Ball
1-0: Called Strike
1-1: Ball
2-1: Ball
3-1: Ground out 3-1 (Groundball, 34S)
Bottom of the 6th over - 0 run(s), 0 hit(s), 0 error(s), 0 left on base; Boston 2 - Beech Mountain 7
TOP OF THE 7TH
Boston Rebels batting - Pitching for Beech Mountain Mountaineers : RHP Larry Johnston
Now in RF: Lorenzo Quintanilla
Batting: LHB Felipe Guerrero 0-0: Ground out U3 (Groundball, 34)
Batting: LHB Frank Jackson 0-0: Swinging Strike
0-1: Foul Ball, location: 2F
0-2: SOLO HOME RUN (Flyball, 89XD), Distance : 427 ft
Batting: RHB Alberto Ramos 0-0: Ball
1-0: Ground out 6-3 (Groundball, 6)
Batting: RHB Aaron Washington 0-0: Foul Ball, location: 2F
0-1: Ground out 5-3 (Groundball, 5L)
Top of the 7th over - 1 run(s), 1 hit(s), 0 error(s), 0 left on base; Boston 3 - Beech Mountain 7
BOTTOM OF THE 7TH
Beech Mountain Mountaineers batting - Pitching for Boston Rebels : LHP Yoshihiro Hasegawa
Pinch Hitting: LHB Tommy Payne 0-0: Ball
1-0: Foul Ball, location: 2F
1-1: Ball
2-1: SINGLE (Line Drive, 5)
Pinch Hitting: LHB Milo Glenn 0-0: Ball
1-0: Ball
2-0: Called Strike
2-1: SINGLE (Line Drive, 34)
Tommy Payne to second
Pinch Hitting: LHB Miguel García 0-0: Called Strike
0-1: Called Strike
0-2: Strikes out swinging
Pitching: LHP Joseph Byrne
Pinch Hitting: SHB Howard Romero 0-0: Called Strike
0-1: Foul Ball, location: 2F
0-2: Ball
1-2: Ball
2-2: Foul Ball, location: 2F
2-2: Strikes out swinging
Batting: RHB Jorge García 0-0: Ball
1-0: Called Strike
1-1: Foul Ball, location: 2F
1-2: Ground out 2-3 (Groundball, 15S)
Bottom of the 7th over - 0 run(s), 2 hit(s), 0 error(s), 2 left on base; Boston 3 - Beech Mountain 7
TOP OF THE 8TH
Boston Rebels batting - Pitching for Beech Mountain Mountaineers : RHP Larry Johnston
Now at 3B: Howard Romero
Now in LF: Tommy Payne
Now in CF: Milo Glenn
Batting: LHB Sixto Cortés 0-0: Called Strike
Now in LF: Pedro Gonzáles 0-1: Swinging Strike
0-2: Ball
1-2: Ball
2-2: Strikes out swinging
Pinch Hitting: RHB Pedro Rodríguez 0-0: Ball
1-0: Foul Ball, location: 2F
1-1: Ball
2-1: Ground out 5-3 (Groundball, 5)
Pinch Hitting: LHB Lee Burton 0-0: Ball
1-0: Fly out, F9 (Line Drive, 9D)
Top of the 8th over - 0 run(s), 0 hit(s), 0 error(s), 0 left on base; Boston 3 - Beech Mountain 7
BOTTOM OF THE 8TH
Beech Mountain Mountaineers batting - Pitching for Boston Rebels : LHP Joseph Byrne
Now at 2B: Stan Simpson
Now in RF: Lee Burton
Batting: RHB Jesús Cruz 0-0: Swinging Strike
0-1: Ball
1-1: Foul Ball, location: 2F
1-2: TRIPLE (Flyball, 89XD)
Batting: RHB John Anderson 0-0: Intentional Walk
Batting: SHB Félix Montoya 0-0: Ball
1-0: Called Strike
1-1: Called Strike
1-2: Strikes out swinging
Batting: LHB Lorenzo Quintanilla 0-0: Ball
1-0: Called Strike
1-1: Foul Ball, location: 2F
1-2: Strikes out swinging
Batting: LHB Tommy Payne 0-0: Swinging Strike
0-1: Fly out, F8 (Flyball, 89D)
Bottom of the 8th over - 0 run(s), 1 hit(s), 0 error(s), 2 left on base; Boston 3 - Beech Mountain 7
TOP OF THE 9TH
Boston Rebels batting - Pitching for Beech Mountain Mountaineers : RHP Larry Johnston
Pinch Hitting: RHB Jesús Dávila 0-0: Swinging Strike
0-1: Ball
1-1: SINGLE (Line Drive, 4D)
Pinch Hitting: RHB Ken McDonald 0-0: Fly out, F9 (Flyball, 89D)
Pinch Hitting: LHB Ricardo Brandariz 0-0: Ball
1-0: Swinging Strike
1-1: Ball
2-1: Ball
3-1: Base on Balls
Jesús Dávila to second
Pitching: RHP Mang Tow
Batting: LHB Jeff Gordon 0-0: Ball
1-0: Ball
2-0: Fly out, F8 (Flyball, 78M)
Pinch Hitting: LHB Sergio Barrón 0-0: Fielders Choice at 2nd, 6-4 (Groundball, 6)
Top of the 9th over - 0 run(s), 1 hit(s), 0 error(s), 1 left on base; Boston 3 - Beech Mountain 7
Tuesday, August 8th, 2017 - OOTP Baseball 17.12 Build 75